 Dungeon Crawl Stone Soup version 0.28.0-43-g3370ac3207 (webtiles) character file.

Game seed: 14330178137965050146

68189 crimpus the Basher (level 14, -6/133 HPs)
             Began as a Yellow Draconian Berserker on Mar 17, 2022.
             Was an Elder of Trog.
             Succumbed to a +3 trident of venom's poison
             ... on level 2 of the Elven Halls.
             The game lasted 00:54:38 (38184 turns).

crimpus the Basher (Yellow Draconian Berserker)    Turns: 38184, Time: 00:54:39

Health: -6/133     AC: 10    Str: 23    XL:     14   Next: 85%
Magic:  14/14      EV: 16    Int:  7    God:    Trog [****..]
Gold:   2059       SH: 18    Dex: 13    Spells: 13/13 levels left

rFire   + + +      SeeInvis .   a - +8 whip of the Eight Yaks {flame, rF++ Will+ Stlth-}
rCold   + + +      Faith    .   s - +0 kite shield {rC+}
rNeg    . . .      Spirit   .   (armour unavailable)
rPois   +          Reflect  +   (helmet restricted)
rElec   +          Harm     .   w - +0 cloak {rC+}
rCorr   +          Rampage  .   (no gloves)
Will    ++++.                   c - +0 pair of boots
Stlth   ..........              p - amulet of reflection
HPRegen 1.32/turn               (no ring)
MPRegen 0.14/turn               (no ring)

@: lethally poisoned (-6 -> -30), resistant, strong-willed, on berserk cooldown,
regenerating, slowed, very slow
A: spit acid, AC +8, unfitting armour, acidic bite, cold-blooded, acid
resistance, claws 1, cold resistance 1
a: Breathe Acid, Renounce Religion, Berserk, Trog's Hand, Brothers in Arms


You were on level 2 of the Elven Halls.
You worshipped Trog.
Trog was greatly pleased with you.
You visited 3 branches of the dungeon, and saw 18 of its levels.
You also visited: Sewer and Ice Cave.

You collected 2059 gold pieces.

Inventory:

Hand Weapons
 a - the +8 whip of the Eight Yaks (weapon) {flame, rF++ Will+ Stlth-}
   (You found it on level 4 of the Dungeon)

   It burns those it strikes, dealing additional fire damage.
   rF:        It greatly protects you from fire.
   Will:      It increases your willpower.
   Stlth:     It makes you less stealthy.
 j - a +0 demon whip
 o - a +2 great mace of protection
 x - a +5 flail of freezing
Armour
 c - a +0 pair of boots (worn)
 s - a +0 kite shield of cold resistance (worn)
 w - a +0 cloak of cold resistance (worn)
Jewellery
 p - an amulet of reflection (around neck)
Wands
 g - a wand of flame (38)
 i - a wand of iceblast (11)
 t - a wand of mindburst (9)
 y - a wand of polymorph (6)
 A - a wand of paralysis (4)
Scrolls
 e - 3 scrolls of fog
 r - a scroll of enchant armour
 u - a scroll of holy word
 v - 3 scrolls of identify
 z - a scroll of magic mapping
Potions
 b - a potion of might
 d - 6 potions of attraction
 f - 2 potions of ambrosia
 k - 2 potions of degeneration
 l - 2 potions of resistance
 m - a potion of mutation
 n - 8 potions of curing
 q - 3 potions of lignification


   Skills:
 + Level 14.6 Fighting
 + Level 14.9 Maces & Flails
 + Level 10.8 Dodging
 + Level 14.5 Shields


You had 13 spell levels left.
You didn't know any spells.
Your spell library was empty.

Dungeon Overview and Level Annotations

Branches:
Dungeon (14/15)            Temple (0/1) D:5            Lair (0/6) D:9
    Orc (2/2) D:10            Elf (2/3) Orc:2         Sewer (visited)
  IceCv (visited)
 Vaults: D:13-14

Altars:
Elyvilon
Fedhas
Gozag
Hepliaklqana
Nemelex Xobeh
Okawaru
Trog
Uskayaw

Shops:
D:12 [   Orc:2 (*=[   Elf:1 (


Innate Abilities, Weirdness & Mutations

You can spit globs of acid.
Your golden yellow scales are hard. (AC +8)
You cannot fit into any form of body armour.
You have acidic saliva.
You are cold-blooded and may be slowed by cold attacks.
You are resistant to acid. (rCorr)
You have sharp fingernails.
Your flesh is cold resistant. (rC+)


Message History

The +3 trident of venom hits you from afar!
* * * LOW HITPOINT WARNING * * *
You are more poisoned.
You block the komodo dragon's attack.
The +3 trident of venom hits you from afar!
* * * LOW HITPOINT WARNING * * *
You are lethally poisoned!
You feel much better.
You feel extremely sick.
The +3 trident of venom closely misses you.
You block the komodo dragon's attack.
The +3 trident of venom hits you from afar!
* * * LOW HITPOINT WARNING * * *
You are lethally poisoned!
You block the komodo dragon's attack.
You feel much better.
You feel extremely sick.
You block the +3 trident of venom's attack.
The +3 trident of venom closely misses you.
The komodo dragon bites you but does no damage.
The +3 trident of venom hits you from afar!
* * * LOW HITPOINT WARNING * * *
You are lethally poisoned!
You feel much better.
* * * LOW HITPOINT WARNING * * *
You feel extremely sick.
You block the +3 trident of venom's attack.
The komodo dragon completely misses you.
The +3 trident of venom hits you from afar.
* * * LOW HITPOINT WARNING * * *
You are lethally poisoned!
You block the komodo dragon's attack.
You feel protected.
* * * LOW HITPOINT WARNING * * *
You feel extremely sick.
You block the +3 trident of venom's attack.
The +3 trident of venom hits you from afar!
* * * LOW HITPOINT WARNING * * *
The komodo dragon barely misses you.
You die...

.+ '# .# .# #.# #.#
#.# #.# ##'## #.#
##...## #.#
##)@...## #.## #
#.......#####.######
#.(l8..:'...)....##'
#.(....>######..)...
##.....## #...[.#
##...'## #.....#
##'##.## ###.##'
#.###.## ##### #.#
##.## #


You could see a komodo dragon and a +3 trident of venom.

Vanquished Creatures
  A frost giant (IceCv)
  A deep elf sorcerer (Elf:1)
  An orc warlord (Orc:2)
  2 deep elf demonologists
  3 boulder beetles
  A hydra (D:14)
  A catoblepas (D:14)
  4 two-headed ogres
  5 dancing weapons
  A centaur warrior (D:14)
  3 death yaks (IceCv)
  2 orc high priests (Orc:1)
  4 deep elf knights
  2 deep elf archers
  6 orc knights
  21 deep elf pyromancers
  15 deep elf zephyrmancers
  3 orc sorcerers
  4 cyclopes
  7 ugly things
  2 manticores
  An ice statue (IceCv)
  A gargoyle (D:12)
  Maggie (D:7)
  A freezing wraith (D:14)
  3 kobold demonologists
  An efreet (D:9)
  A yaktaur (shapeshifter) (Elf:2)
  A hornet (D:11)
  10 polar bears (IceCv)
  11 trolls
  A raiju (shapeshifter) (D:14)
  Sigmund (D:4)
  2 shadows
  3 air elementals
  A water elemental (Elf:1)
  A wraith (D:9)
  30 yaks
  A basilisk (D:11)
  3 wyverns (D:9)
  2 death yak simulacra (Orc:1)
  Grum (D:11)
  2 steam dragons
  Menkaure (D:5)
  2 wargs (Orc:1)
  Edmund (D:4)
  An acid dragon (D:12)
  A water moccasin (D:8)
  33 orc warriors
  A necrophage (D:5)
  A sky beast (D:7)
  3 black bears
  21 wolves
  8 ogres
  7 centaurs
  3 phantoms
  5 kobold brigands
  Blork the orc (D:5)
  3 bullfrogs
  3 gnoll sergeants
  3 scorpions
  A cane toad simulacrum (Orc:1)
  3 earth elementals
  An elephant simulacrum (Orc:1)
  3 wights (D:6)
  2 howler monkeys (D:12)
  A bullfrog zombie (D:5)
  4 centaur zombies
  5 hounds
  A jelly (D:4)
  11 orc priests
  A bullfrog skeleton (D:6)
  2 gnoll shamans
  Natasha (thrice) (D:2)
  An iguana (D:5)
  21 orc wizards
  A troll simulacrum (Orc:1)
  A spriggan simulacrum (Orc:1)
  2 wolf simulacra (Orc:1)
  6 ogre zombies (D:10)
  A hound zombie (D:5)
  15 gnolls
  15 adders
  2 howler monkey skeletons
  A river rat (D:5)
  A shadow imp (D:5)
  2 white imps
  An ufetubus (D:7)
  2 adder skeletons
  7 worms
  3 dart slugs
  74 orcs
  6 ball pythons
  5 bats
  10 endoplasms
  3 giant cockroaches
  9 goblins
  5 hobgoblins
  9 jackals
  29 kobolds
  4 quokkas
  5 frilled lizards
  5 goblin zombies (D:10)
  A hobgoblin skeleton (D:10)
  2 orc skeletons (D:10)
  11 orc zombies (D:10)
  8 rats
572 creatures vanquished.

Vanquished Creatures (collateral kills)
  2 orc warriors (Orc:2)
  An orc (Orc:2)
3 creatures vanquished.

Vanquished Creatures (others)
  A deep elf knight (Elf:2)
  21 fungi
22 creatures vanquished.

Grand Total: 597 creatures vanquished

Notes
Turn   | Place    | Note
-------+----------+-------------------------------------------
     0 | D:1      | crimpus the Draconian Berserker began the quest for the
                  | Orb.
     0 | D:1      | Reached XP level 1. HP: 19/19 MP: 1/1
   469 | D:1      | Reached XP level 2. HP: 26/26 MP: 2/2
   920 | D:1      | Reached XP level 3. HP: 17/33 MP: 3/3
  1338 | D:1      | Found a faded altar of an unknown god.
  1495 | D:2      | Noticed Natasha
  1503 | D:2      | Killed Natasha
  1504 | D:2      | Reached XP level 4. HP: 40/40 MP: 4/4
  1881 | D:2      | Noticed Natasha
  1890 | D:2      | Killed Natasha
  1904 | D:2      | Noticed Natasha
  1913 | D:2      | Killed Natasha
  1914 | D:2      | Reached XP level 5. HP: 46/46 MP: 5/5
  2701 | D:3      | Reached ** piety under Trog
  2946 | D:3      | Reached skill level 5 in Maces & Flails
  3174 | D:3      | Found an opulent altar of Gozag.
  3182 | D:3      | Found a hazy altar of Hepliaklqana.
  3365 | D:4      | Noticed Edmund
  3377 | D:4      | Killed Edmund
  3378 | D:4      | Reached XP level 6. HP: 53/53 MP: 6/6
  3521 | D:4      | Reached skill level 5 in Fighting
  3767 | D:4      | Noticed Sigmund
  3795 | D:4      | Killed Sigmund
  3796 | D:4      | Your scales start taking on a golden yellow colour.
  3796 | D:4      | Reached XP level 7. HP: 32/61 MP: 7/7
  3796 | D:4      | Gained mutation: You are resistant to acid. (rCorr) [Yellow
                  | Draconian growth]
  4332 | D:4      | Identified the +8 whip of the Eight Yaks {flame, rF++ Will+
                  | Stlth-}
  4408 | D:5      | Entered Level 5 of the Dungeon
  4408 | D:5      | Found a staircase to the Ecumenical Temple.
  4566 | D:5      | Found a blossoming altar of Fedhas.
  4613 | D:5      | Reached XP level 8. HP: 33/70 MP: 8/8
  4669 | D:5      | Found a glowing drain.
  4674 | Sewer    | Entered a sewer
  5508 | D:5      | Noticed Menkaure
  5515 | D:5      | Killed Menkaure
  5516 | D:5      | Reached skill level 5 in Dodging
  5690 | D:5      | Found a white marble altar of Elyvilon.
  5750 | D:5      | Noticed Blork the orc
  5756 | D:5      | Killed Blork the orc
  5760 | D:5      | Reached *** piety under Trog
  6923 | D:6      | Reached XP level 9. HP: 68/78 MP: 9/9
  7160 | D:6      | Found a sparkling altar of Nemelex Xobeh.
  7482 | D:7      | Found a hide-covered altar of Uskayaw.
  7519 | D:7      | Noticed Maggie
  7543 | D:7      | Killed Maggie
  7850 | D:7      | Reached skill level 10 in Maces & Flails
  8600 | D:8      | Identified the +8 short sword of Patience {flame, Will+
                  | Dex+5}
  8744 | D:8      | Found a bloodstained altar of Trog.
 10298 | D:9      | Found a staircase to the Lair.
 10310 | D:9      | Reached XP level 10. HP: 62/88 MP: 10/10
 10365 | D:9      | Reached **** piety under Trog
 11017 | D:9      | Gained mutation: You have sharp fingernails. [potion of
                  | mutation]
 11017 | D:9      | Gained mutation: Your flesh is cold resistant. (rC+)
                  | [potion of mutation]
 11017 | D:9      | Gained mutation: Your tail ends in a venomous barb. [potion
                  | of mutation]
 11207 | D:9      | Noticed a cyclops
 11239 | D:9      | Reached skill level 1 in Shields
 11244 | D:9      | Killed a cyclops
 12008 | D:10     | Entered Level 10 of the Dungeon
 12842 | D:10     | Found a staircase to the Orcish Mines.
 12842 | D:10     | Noticed an orc sorcerer
 12850 | D:10     | Killed an orc sorcerer
 12854 | D:10     | Reached XP level 11. HP: 97/97 MP: 11/11
 13511 | D:10     | Reached ***** piety under Trog
 13725 | D:10     | Found an iron altar of Okawaru.
 13799 | D:11     | Reached skill level 10 in Fighting
 13969 | D:11     | Noticed Grum
 13983 | D:11     | Killed Grum
 14238 | D:11     | Noticed a two-headed ogre
 14281 | D:11     | Noticed a two-headed ogre
 14289 | D:11     | Killed a two-headed ogre
 14510 | D:11     | Killed a two-headed ogre
 14754 | D:11     | Noticed a two-headed ogre
 14763 | D:11     | Killed a two-headed ogre
 16135 | D:12     | Noticed a deep elf pyromancer
 16147 | D:12     | Killed a deep elf pyromancer
 16162 | D:12     | Found Tulyixt's Armour Shop.
 16436 | D:12     | Noticed a boulder beetle
 16946 | D:12     | Killed a boulder beetle
 17017 | D:12     | Noticed a brown ugly thing
 17030 | D:12     | Killed a brown ugly thing
 17098 | D:12     | Noticed a boulder beetle
 17387 | D:12     | Reached XP level 12. HP: 96/110 MP: 12/12
 18069 | D:12     | Noticed a two-headed ogre
 18078 | D:12     | Killed a two-headed ogre
 18079 | D:12     | Reached skill level 5 in Shields
 18686 | D:12     | Killed a boulder beetle
 21836 | D:14     | Found an opulent altar of Gozag.
 21836 | D:14     | Noticed a boulder beetle
 21878 | D:14     | Killed a boulder beetle
 22053 | D:14     | Noticed a catoblepas
 22080 | D:14     | Killed a catoblepas
 22133 | D:14     | Noticed a centaur warrior
 22197 | D:14     | Killed a centaur warrior
 22710 | D:14     | Noticed a seven-headed hydra
 22718 | D:14     | Killed a seven-headed hydra
 22733 | D:14     | Noticed a death knight
 23206 | D:14     | Noticed a two-headed ogre
 23949 | Orc:1    | Entered Level 1 of the Orcish Mines
 23949 | Orc:1    | Found a frozen archway.
 23956 | IceCv    | Entered an ice cave
 24408 | IceCv    | Reached XP level 13. HP: 119/119 MP: 13/13
 24598 | IceCv    | Reached skill level 10 in Shields
 25151 | IceCv    | Noticed a frost giant
 25190 | IceCv    | Killed a frost giant
 28017 | Orc:1    | Found an iron altar of Okawaru.
 28068 | Orc:2    | Entered Level 2 of the Orcish Mines
 29244 | Orc:2    | Found Giddaqokh's General Store.
 29326 | Orc:2    | Found Hovvagil's Antique Armour Boutique.
 29360 | Orc:2    | Found a staircase to the Elven Halls.
 29573 | Orc:2    | Found Ogaxteor's Jewellery Shop.
 29966 | Orc:2    | Lost mutation: Your tail ends in a venomous barb. [a
                  | neqoxec]
 30752 | Orc:2    | Found Payhiqaf's Antique Weapon Shop.
 30909 | Orc:2    | Noticed an orc warlord
 30940 | Orc:2    | Killed an orc warlord
 31287 | Orc:2    | Paralysed by an orc sorcerer for 2 turns
 31961 | Elf:1    | Entered Level 1 of the Elven Halls
 31981 | Elf:1    | Gained mutation: You have acidic saliva. [Yellow Draconian
                  | growth]
 31981 | Elf:1    | Reached XP level 14. HP: 129/129 MP: 14/14
 33426 | Elf:1    | Noticed a deep elf sorcerer
 33440 | Elf:1    | Killed a deep elf sorcerer
 33447 | Elf:1    | Reached skill level 10 in Dodging
 35101 | Elf:1    | Found Mul Omorgh's Weapon Shop.
 35163 | Elf:1    | Paralysed by an air elemental for 1 turns
 35167 | Elf:1    | Paralysed by an air elemental for 1 turns
 36615 | Elf:2    | Paralysed by an air elemental for 1 turns
 37903 | Elf:2    | Paralysed by an air elemental for 1 turns
 37910 | Elf:2    | Paralysed by an air elemental for 1 turns
 38183 | Elf:2    | HP: 4/133 [+3 trident of venom (9)]
 38184 | Elf:2    | Succumbed to a +3 trident of venom's poison

Illustrated notes

Levels and vault maps discovered:
D:1:      sevenhm_arrival_forest_fort_small_3, layout_rooms,
          dreamdust_ecumenical_altar_angels_and_demons
D:2:      layout_loops_ring, uniq_natasha
D:3:      layout_rooms, mainiacjoe_overflow_big_doors, grunt_ministairs_12
D:4:      layout_rooms, uniq_edmund, uniq_sigmund
D:5:      layout_cave_pools, old_standard_altar,
          mainiacjoe_overflow_tiny_flanked, temple_statues,
          gup_sewer_entry_spiral, minivault_5, uniq_blork_the_orc, uniq_menkaure
D:6:      layout_basic, nemelex_xobeh_ov_fountains_minmay, minivault_1
D:7:      layout_basic, nicolae_uskayaw_dance_hall, uniq_maggie
D:8:      layout_basic, amcnicky_altar_gilded
D:9:      kennysheep_blocky_room, layout_loops_ring, david_lair_generic
D:10:     layout_cross, nicolae_overflow_hidden_temple, zombieorc1_lemuel,
          serial_gnoll_camp, gnoll_camp_mini_sergeant, gnoll_camp_mini_house,
          gnoll_camp_mini_hut, gnoll_camp_mini_doghouse
D:11:     layout_basic, uniq_grum
D:12:     layout_loops_cross, special_room [special_room_orc], serial_shops,
          shop
D:13:     layout_cave_pools
D:14:     layout_long_grid, david_vaults_2,
          nicolae_gozag_cash_rules_everything_around_me, worms_lemuel,
          uniq_louise, uniq_josephine
Orc:1:    layout_caves, portal_ice_cave_entry_ice_simulacra,
          okawaru_metal_pillars_1_2
Orc:2:    grunt_orc_gardens, layout_caves, grunt_orc_garden, grunt_orc_garden,
          grunt_orc_garden, grunt_orc_garden, special_room
Elf:1:    minmay_elf_arrival_plus, layout_gridlike, serial_shops,
          nicolae_shop_behind_doors, minmay_elf_demonology, billiards_dpeg
Elf:2:    nicolae_elf_blades_splatter_lattice
          [nicolae_blade_entry_floor_patterns], layout_geoelf_grid,
          dk_noncrumbling_2, due_unseen_surprise, uniq_nikola, uniq_aizul

Skill      XL: |  1  2  3  4  5  6  7  8  9 10 11 12 13 14 |
---------------+-------------------------------------------+-----
Dodging        | 3 4 5 6 7 9 10 | 10.8
Fighting       | 4 5 6 8 9 11 12 13 14 | 14.6
Maces & Flails | 4 5 6 7 9 11 12 13 14 | 14.9
Shields        | 2 4 9 13 14 | 14.5

Action                   |  1- 3 |  4- 6 |  7- 9 | 10-12 | 13-15 || total
-------------------------+-------+-------+-------+-------+-------++-------
Melee: Mace              |    85 |   150 |       |       |       ||   235
       Tailslap          |     8 |    21 |    45 |   142 |   144 ||   360
       Punch             |       |     2 |     7 |     9 |       ||    18
       Flail             |       |    39 |    24 |       |       ||    63
       Whip              |       |       |   320 |   795 |   999 ||  2114
       Bite              |       |       |       |       |    47 ||    47
Throw: Throwing net      |       |       |       |     1 |       ||     1
Invok: Berserk           |     5 |     5 |     2 |    27 |    28 ||    67
       Trog's Hand       |       |       |       |     4 |     5 ||     9
       Brothers in Arms  |       |       |       |       |     1 ||     1
 Abil: Breathe Acid      |       |       |    16 |     3 |       ||    19
  Use: Scroll            |       |     3 |     9 |    10 |     1 ||    23
       Potion            |       |       |       |     5 |     9 ||    14
 Stab: Sleeping          |       |     1 |       |       |       ||     1
       Distracted        |       |       |       |     1 |       ||     1
Armor: Skin              |    45 |    54 |    79 |    86 |   114 ||   378
Dodge: Dodged            |    67 |   157 |   141 |   249 |   243 ||   857
Block: Other             |       |       |     5 |    65 |       ||    70
       Reflection        |       |       |       |    16 |    23 ||    39
       Kite shield       |       |       |       |   163 |   554 ||   717
